 Dungeon Crawl Stone Soup version 0.31-a0-544-gceb718ecc6 (webtiles) character file.

Game seed: 16798439366501057538

56 Ofeo the Ruffian (level 3, 0/27 HPs)
             Began as a Demonspawn Shapeshifter on Aug 15, 2023.
             Killed from afar by an orc wizard (2 damage)
             ... with a puff of flame
             ... on level 3 of the Dungeon.
             The game lasted 00:02:07 (1736 turns).

Ofeo the Ruffian (Demonspawn Shapeshifter)          Turns: 1736, Time: 00:02:08

Health: 0/27       AC:  6    Str: 17    XL:     3   Next: 69%
Magic:  0/3        EV: 10    Int:  9    God:
Gold:   145        SH:  0    Dex: 13    Spells: 2/2 levels left

rFire   . . .        n - +2 hand axe (elec)
rCold   . . .        (no shield)
rNeg    . . .        k - +0 scale mail
rPois   .            (helmet currently unavailable)
rElec   .            (cloak currently unavailable)
rCorr   .            (gloves currently unavailable)
SInv    .            (boots currently unavailable)
Will    .....        i - amulet of guardian spirit Stlth
                     (no ring)
HPRegen 0.24/turn    (no ring)
MPRegen 0.08/turn

%: guardian spirit
@: confused, mighty, beast-form
A: beast (slay +1), claws 1
a: Begin Untransformation


You were on level 3 of the Dungeon.
You were a hulking beast.
You visited 1 branch of the dungeon, and saw 3 of its levels.

You collected 145 gold pieces.

Inventory:

Hand Weapons
 b - a +0 sling
 n - a +2 hand axe of electrocution (weapon)
Armour
 a - a +0 animal skin
 h - a +0 helmet
 j - a +0 pair of gloves
 k - a +0 scale mail (worn)
Jewellery
 g - an amulet of the acrobat
 i - an amulet of guardian spirit (around neck)
Talismans
 c - a beast talisman (active)
 d - a flux talisman
Scrolls
 e - 3 scrolls of teleportation {@r3}
Potions
 l - a potion of lignification
 m - a potion of ambrosia {unknown}


   Skills:
 - Level 1.7 Fighting
 - Level 2.1 Dodging
 + Level 3.6 Unarmed Combat
 - Level 2.9 Shapeshifting


You had 2 spell levels left.
You didn't know any spells.
Your spell library contained the following spells:

 Spells                   Type           Power      Damage    Failure   Level
 Frozen Ramparts          Ice            0%         1d1       99%         3
 Inner Flame              Hex/Fire       0%         N/A       99%         3
 Petrify                  Tmut/Erth      0%         N/A       100%        4
 Metabolic Englaciation   Hex/Ice        0%         N/A       100%        5
 Yara's Violent Unravell  Hex/Tmut       0%         3d3       100%        5
 Enfeeble                 Hex            0%         N/A       100%        7


Dungeon Overview and Level Annotations

Branches:
Dungeon (3/15)

Altars:
Cheibriados


Innate Abilities, Weirdness & Mutations

You are a hulking beast.
Your limbs bulge with bestial killing power. (Slay +1)
You have sharp fingernails.


Message History

You take 5 damage, and have 20/27 hp.
You're too confused to move!
The orc barely misses you. Something hits you but does no damage.
You barely miss something. You hit the orc. You miss the orc.
You barely miss the orc. Something hits you but does no damage.
The orc hits you but does no damage. The orc barely misses you.
The orc hits you with a +0 flail.
You take 3 damage, and have 18/27 hp.
You slash the orc!
You kill the orc!
You closely miss something. You miss the orc. You hit the orc.
Lightning courses through the orc!!
You kill the orc!
The orc closely misses you.
You hear some strange, mumbled words.
Something tries to affect you, but you resist.
The orc hits you but does no damage.
You hear some strange, mumbled words.
A puff of flame appears from out of thin air!
The puff of flame misses you. Something hits you but does no damage.
An endoplasm comes into view.
The endoplasm quivers.
You hear some strange, mumbled words.
A puff of flame appears from out of thin air!
The puff of flame hits you!
* * * LOW HITPOINT WARNING * * *
You take 10 damage, and have 8/27 hp.
MASSIVE DAMAGE!!
You now have 1/3 mp.
The orc hits you with a +0 flail!
* * * LOW HITPOINT WARNING * * *
Something hits you but does no damage.
You take 6 damage, and have 2/27 hp.
MASSIVE DAMAGE!!
You now have 0/3 mp.
It was a potion of might.
You feel very mighty all of a sudden. Something hits you but does no damage.
The orc hits you but does no damage.
You barely miss the orc. You barely miss something.
You hear some strange, mumbled words.
A puff of flame appears from out of thin air!
The puff of flame hits you.
You die...

.. .# #.. .# ..## ##.#
#J.# ...# . ...#...#
.#. #..#..#
#...##...#.# #######
.......o..######.....#
........h(....##.....#
.....'){).)†..''..<..#
.....#........##.....#
.... #........##.....#
... #........########
.. #........# .
#........# #........#
#........#


You could see an orc and an endoplasm.

Vanquished Creatures
  An adder (D:2)
  A dart slug (D:1)
  3 orcs (D:3)
  4 ball pythons
  3 bats
  6 endoplasms
  2 giant cockroaches
  3 goblins
  4 hobgoblins
  4 frilled lizards
  4 kobolds
  4 rats
39 creatures vanquished.

Notes
Turn   | Place    | Note
-------+----------+-------------------------------------------
     0 | D:1      | Ofeo the Demonspawn Shapeshifter began the quest for the
                  | Orb.
     0 | D:1      | Reached XP level 1. HP: 15/15 MP: 1/1
   218 | D:1      | Gained mutation: You have sharp fingernails. [demonic
                  | ancestry]
   218 | D:1      | Reached XP level 2. HP: 21/21 MP: 2/2
   482 | D:1      | Reached skill level 3 in Unarmed Combat
  1075 | D:2      | Reached XP level 3. HP: 27/27 MP: 3/3
  1293 | D:2      | Found a snail-covered altar of Cheibriados.
  1668 | D:2      | Identified a scroll of acquirement
  1668 | D:2      | Acquired an amulet of guardian spirit
  1736 | D:3      | Killed from afar by an orc wizard

Illustrated notes

Levels and vault maps discovered:
D:1:      sevenhm_arrival_forest_fort_small_6, layout_loops_ring, serial_rivers,
          chequers_serial_rivers_small_b, chequers_serial_rivers_micro_c,
          chequers_serial_rivers_micro_c, chequers_serial_rivers_micro_d
D:2:      layout_loops_cross, basic_altar
D:3:      wander_river, layout_basic, mainiacjoe_overflow_alcove_2,
          minivault_26, uniq_natasha

Skill      XL: |  1  2 |
---------------+-------+-----
Dodging        | 2 |  2.1
Unarmed Combat | 3 |  3.6
Fighting       | |  1.7
Shapeshifting  | |  2.9

Action                     || total
---------------------------++-------
  Melee: Unarmed           ||     6
         Hand axe          ||    37
   Fire: Sling             ||    48
    Use: Scroll            ||     4
         Potion            ||     1
 Armour: Animal skin       ||     3
         Scale mail        ||    30
  Dodge: Dodged            ||    57

Table legend: (Time is in decaauts)
 A = Elapsed time spent in this place.
 B = Non-inter-level travel time spent in this place.
 C = Inter-level travel time spent in this place.
 D = Time resting spent in this place.
 E = Time spent auto-exploring this place.
 F = Levels seen in this place.
 G = Mean time per level.
                   A        B        C        D        E       F      G
               +--------+--------+--------+--------+--------+-----+--------+
         Total |   1767 |   1610 |    157 |      0 |   1343 |   3 |  589.0 |
       Dungeon |   1767 |   1610 |    157 |      0 |   1343 |   3 |  589.0 |
               +--------+--------+--------+--------+--------+-----+--------+

Top non-repeatable levels by time:
     D:1: 949 daAuts
     D:2: 786 daAuts
     D:3: 31 daAuts
